 Dungeon Crawl Stone Soup version 0.24-a0-539-g6aae15eeb0 (webtiles) character file.

Game seed: 14174904843097223023

8 Chiseanne the Magician (level 2, 19/19 HPs)
             Began as a Demonspawn Wizard on Aug 17, 2019.
             Quit the game on level 1 of the Dungeon.
             The game lasted 00:01:00 (651 turns).

Chiseanne the Magician (Demonspawn Wizard)           Turns: 651, Time: 00:01:00

Health: 19/19      AC:  2    Str:  7    XL:     2   Next: 0%
Magic:  1/6        EV: 12    Int: 19    God:
Gold:   3          SH:  0    Dex: 11    Spells: 6/7 levels left

rFire    . . .     SeeInvis .   (no weapon)
rCold    . . .     Gourm    .   (no shield)
rNeg     . . .     Faith    .   a - +0 robe
rPois    .         Spirit   .   b - +0 hat
rElec    .         Reflect  .   (no cloak)
rCorr    .         Harm     .   (no gloves)
MR       .....                  (no boots)
Stlth    ++........             (no amulet)
HPRegen  0.06/turn              (no ring)
MPRegen  0.10/turn              (no ring)

@: no status effects
A: demonic guardian 1
a: no special abilities


You were on level 1 of the Dungeon.
You were not hungry.

You visited 1 branch of the dungeon, and saw 1 of its levels.

You collected 3 gold pieces.

Inventory:

Hand Weapons
 f - a +0 club
Armour
 a - a +0 robe (worn)
 b - a +0 hat (worn)
Scrolls
 e - a scroll of remove curse {unknown}
 g - 3 scrolls of noise {unknown}
 i - a scroll of enchant armour {unknown}
 j - a scroll of identify {unknown}
Potions
 c - a potion of heal wounds {unknown}
 h - a potion of agility {unknown}
Comestibles
 d - a ration


   Skills:
 - Level 1.7 Dodging
 - Level 1.7 Stealth
 * Level 3.2 Spellcasting
 * Level 1.6 Conjurations
   Level 1.0 Summonings
   Level 0.8 Translocations


You had 6 spell levels left.
You knew the following spells:

 Your Spells              Type           Power        Failure   Level  Hunger
a - Magic Dart            Conj           #...         8%          1    None

Your spell library contained the following spells:

 Spells                   Type           Power        Failure   Level  Hunger
 Blink                    Tloc           N/A          16%         2    ##.....
 Call Imp                 Summ           #.......     16%         2    ##.....
 Slow                     Hex            #.......     22%         2    ##.....
 Conjure Flame            Conj/Fire      #.......     32%         3    ###....
 Mephitic Cloud           Conj/Pois/Air  #.......     34%         3    ###....


Dungeon Overview and Level Annotations

Branches:
Dungeon (1/15)

Altars:


Innate Abilities, Weirdness & Mutations

A weak demonic guardian rushes to your aid.


Message History

The magic dart hits the rat.
The rat is moderately wounded.
Casting: Magic Dart (safe; 8% risk of failure)
Confirm with . or Enter, or press ? or * to list all spells.
Aiming: Magic Dart (safe; 8% risk of failure)
Press: ? - help, Shift-Dir - straight line, f/p - rat
Aim: a rat (moderately wounded)
The magic dart hits the rat.
The rat is severely wounded.
Casting: Magic Dart (safe; 8% risk of failure)
Confirm with . or Enter, or press ? or * to list all spells.
Aiming: Magic Dart (safe; 8% risk of failure)
Press: ? - help, Shift-Dir - straight line, f/p - rat
Aim: a rat (severely wounded)
The magic dart hits the rat.
You kill the rat!
You have reached level 2!
Your demonic ancestry asserts itself...
You feel the presence of a demonic guardian.
Are you sure you want to abandon this character and quit the game? (Confirm with "yes".)

###########
.........#
........# †......
######### .....
#.........# ...
+....>....# #.#
#.........#
#@#####.........#
#.#.............#
#.#.............#
#...............#
#.#.............#
#.#.............#
#.#...........###
#.#...........#
#.#.##..........#


There were no monsters in sight!

Vanquished Creatures
  A leopard gecko (D:1)
  A giant cockroach (D:1)
  A hobgoblin (D:1)
  2 bats (D:1)
  A frilled lizard (D:1)
  2 rats (D:1)
8 creatures vanquished.

Notes
Turn   | Place    | Note
-------+----------+-------------------------------------------
     0 | D:1      | Chiseanne the Demonspawn Wizard began the quest for the
                  | Orb.
     0 | D:1      | Reached XP level 1. HP: 13/13 MP: 4/4
   650 | D:1      | Gained mutation: A weak demonic guardian rushes to your
                  | aid. [demonic ancestry]
   650 | D:1      | Reached XP level 2. HP: 19/19 MP: 1/6
   651 | D:1      | Quit the game

Levels and vault maps discovered:
D:1:      scummos_arrival_gate, layout_basic

Action                   || total
-------------------------++-------
Melee: Unarmed           ||    23
 Cast: Magic Dart        ||    18
Armor: Robe              ||     5
Dodge: Dodged            ||    21

Table legend:
 A = Non-vault XP
 B = Vault XP
 C = Vault XP percentage of total XP
 D = Non-vault monster count
 E = Vault monster count
 F = Vault count percentage of total count
                 A         B        C        D         E       F
            +---------+---------+-------+---------+---------+-------
      Total |      12 |       0 |   0.0 |       8 |       0 |   0.0
            +---------+---------+-------+---------+---------+-------
        D:1 |      12 |       0 |   0.0 |       8 |       0 |   0.0
            +---------+---------+-------+---------+---------+-------
